 Dungeon Sprint DCSS version 0.29-a0-97-g88c9fad16d (webtiles) character file.

Game seed: 105108116454260997

5215 mhtbhm the Nimble (level 10, -13/73 HPs)
             Began as a Kobold Berserker on Feb 13, 2022.
             Was a High Priest of Trog.
             Mangled by a tyrant leech (23 damage)
             ... in the Dungeon (Sprint IX: "|||||||||||||||||||||||||||||").
             The game lasted 00:05:05 (3277 turns).

mhtbhm the Nimble (Kobold Berserker)                Turns: 3277, Time: 00:05:07

Health: -13/73     AC:  6    Str: 19    XL:     10   Next: 91%
Magic:  10/10      EV: 24    Int:  8    God:    Trog [*****.]
Gold:   9          SH:  0    Dex: 18    Spells: 9/9 levels left

rFire   . . .      SeeInvis .   a - +0 mace
rCold   . . .      Faith    .   (no shield)
rNeg    . . .      Spirit   .   b - +0 animal skin
rPois   .          Reflect  .   k - +0 helmet
rElec   .          Harm     .   (no cloak)
rCorr   .          Rampage  .   (no gloves)
Will    .....      NoTele   +   l - +0 pair of boots
Stlth   +++++++...              (no amulet)
HPRegen 0.22/turn               m - +3 ring of dexterity
MPRegen 0.12/turn               n - +2 ring of protection

@: on berserk cooldown, slowed, very slow
A: small, no large weapons, nightstalker 3
a: Renounce Religion, Berserk, Trog's Hand, Brothers in Arms


You were in the Dungeon.
You worshipped Trog.
Trog was extremely pleased with you.
You visited 1 branch You collected 9 gold pieces.

Inventory:

Hand Weapons
 a - a +0 mace (weapon)
Armour
 b - a +0 animal skin (worn)
 k - a +0 helmet (worn)
 l - a +0 pair of boots (worn)
Jewellery
 m - a +3 ring of dexterity (left hand)
 n - a +2 ring of protection (right hand)
Scrolls
 e - 2 scrolls of enchant armour
 h - 8 scrolls of enchant weapon
Potions
 c - a potion of heal wounds
 f - 4 potions of magic
 g - 2 potions of berserk rage
 i - 5 potions of curing


   Skills:
 + Level 13.1 Fighting
 + Level 13.9 Maces & Flails
 + Level 3.2 Armour
 + Level 14.2 Dodging
 + Level 13.2 Stealth
 + Level 6.2 Evocations


You had 9 spell levels left.
You didn't know any spells.
Your spell library was empty.

Dungeon Overview and Level Annotations

Branches:
Dungeon (1/1)

Altars:
Cheibriados
Dithmenos
Elyvilon
Fedhas
Gozag
Hepliaklqana
Kikubaaqudgha
Makhleb
Nemelex Xobeh
Okawaru
Qazlal
Ru
Sif Muna
Trog
Uskayaw
Vehumet
Wu Jian
Xom
Yredelemnul
Zin
The Shining One
Beogh
Jiyva
Lugonu


Innate Abilities, Weirdness & Mutations

You are small and have problems with some larger weapons.
You are completely attuned to the shadows.


Message History

The tyrant leech is heavily wounded.
The tyrant leech bites you!!
The tyrant leech draws strength from your injuries!
You hit the tyrant leech.
The tyrant leech is heavily wounded.
You are no longer berserk.
You are exhausted.
You feel yourself slow down.
You sock the tyrant leech!
The tyrant leech is severely wounded.
The tyrant leech completely misses you.
You barely miss the tyrant leech.
The tyrant leech is severely wounded.
The tyrant leech barely misses you.
You closely miss the tyrant leech.
The tyrant leech is severely wounded.
The tyrant leech bites you!
The tyrant leech draws strength from your injuries!
You are too injured to fight recklessly!
You are too injured to fight recklessly!
You are too injured to fight recklessly!
You are too injured to fight recklessly!
You are too injured to fight recklessly!
You are too injured to fight recklessly!
You are too injured to fight recklessly!
You are too injured to fight recklessly!
You are too injured to fight recklessly!
You are too injured to fight recklessly!
You are too injured to fight recklessly!
You are too injured to fight recklessly!
You are too injured to fight recklessly!
You are too injured to fight recklessly!
The tyrant leech closely misses you. The tyrant leech completely misses you.
There is an open door, spattered with blood here.
The tyrant leech bites you!!
* * * LOW HITPOINT WARNING * * *
The tyrant leech draws strength from your injuries!
The tyrant leech bites you!!
You die...

▓▓▓▓▓▓▓▓▓▓▓▓▓▓▓▓▓▓▓▓▓▓▓▓▓▓▓▓▓▓▓▓▓
..÷'...†.'_______________________
▓▓▓▓▓▓▓▓▓▓▓▓▓▓▓▓▓▓▓▓▓▓▓▓▓▓▓▓▓▓▓▓▓
.........†.......................
▓▓▓▓▓▓▓▓▓▓▓▓▓▓▓▓▓▓▓▓▓▓▓▓▓▓▓▓▓▓▓▓▓
'!!....?..)...'.@ww.....'........
▓▓▓▓▓▓▓▓▓▓▓▓▓▓▓▓▓▓▓▓▓▓▓▓▓▓▓▓▓▓▓▓▓


You could see 2 tyrant leeches.

Vanquished Creatures
  A boulder beetle (D)
  A cane toad (D)
  5 komodo dragons (D)
  2 unseen horrors (D)
  A polar bear (D)
  A tyrant leech (D)
  3 blink frogs (D)
  2 yaks (D)
  A wyvern (D)
  A steam dragon (D)
  A vampire mosquito (D)
  3 water moccasins (D)
  2 centaurs (D)
  3 bullfrogs (D)
  A gnoll sergeant (D)
  A wight (D)
  4 adders (D)
  A worm (D)
  A bat (D)
  A bat skeleton (D)
  2 hobgoblins (D)
  2 jackals (D)
40 creatures vanquished.

Vanquished Creatures (collateral kills)
  An ugly thing (D)
1 creature vanquished.

Vanquished Creatures (others)
  A centaur (D)
1 creature vanquished.

Grand Total: 42 creatures vanquished

Notes
Turn   | Place    | Note
-------+----------+-------------------------------------------
     0 | D        | mhtbhm the Kobold Berserker began the quest for the Orb.
     0 | D        | Reached XP level 1. HP: 14/14 MP: 1/1
    14 | D        | Reached ** piety under Trog
    19 | D        | Reached XP level 2. HP: 14/20 MP: 2/2
   195 | D        | Reached *** piety under Trog
   196 | D        | Reached skill level 3 in Dodging
   196 | D        | Reached skill level 1 in Stealth
   196 | D        | Reached XP level 3. HP: 16/25 MP: 3/3
   428 | D        | Reached skill level 5 in Fighting
   431 | D        | Found a snail-covered altar of Cheibriados.
   431 | D        | Found a shadowy altar of Dithmenos.
   432 | D        | Found a white marble altar of Elyvilon.
   433 | D        | Found a blossoming altar of Fedhas.
   434 | D        | Found an opulent altar of Gozag.
   435 | D        | Found a hazy altar of Hepliaklqana.
   436 | D        | Found a viscous altar of Jiyva.
   437 | D        | Found an ancient bone altar of Kikubaaqudgha.
   438 | D        | Found a corrupted altar of Lugonu.
   439 | D        | Found a burning altar of Makhleb.
   440 | D        | Found a sparkling altar of Nemelex Xobeh.
   441 | D        | Found an iron altar of Okawaru.
   442 | D        | Found a stormy altar of Qazlal.
   443 | D        | Found a sacrificial altar of Ru.
   444 | D        | Found a shimmering blue altar of Sif Muna.
   445 | D        | Found a bloodstained altar of Trog.
   446 | D        | Found a hide-covered altar of Uskayaw.
   447 | D        | Found a radiant altar of Vehumet.
   448 | D        | Found an ornate altar of the Wu Jian Council.
   449 | D        | Found a shimmering altar of Xom.
   450 | D        | Found a basalt altar of Yredelemnul.
   451 | D        | Found a glowing silver altar of Zin.
   452 | D        | Found a glowing golden altar of the Shining One.
   551 | D        | Noticed a centaur
   551 | D        | Noticed a wight
   552 | D        | Noticed a centaur
   556 | D        | Killed a centaur
   557 | D        | Reached skill level 4 in Dodging
   557 | D        | Reached XP level 4. HP: 32/32 MP: 4/4
   557 | D        | Reached XP level 5. HP: 37/37 MP: 5/5
   559 | D        | Noticed a steam dragon
   560 | D        | Noticed a centaur
   561 | D        | Killed an unseen horror
   561 | D        | Reached **** piety under Trog
   562 | D        | Reached skill level 5 in Dodging
   566 | D        | Killed a centaur
   567 | D        | Reached skill level 6 in Dodging
   567 | D        | Reached XP level 6. HP: 44/44 MP: 6/6
   570 | D        | Killed a steam dragon
   577 | D        | Reached skill level 7 in Dodging
   577 | D        | Reached skill level 5 in Stealth
   577 | D        | Reached XP level 7. HP: 35/50 MP: 7/7
   662 | D        | Noticed a purple ugly thing
   663 | D        | Noticed a boulder beetle
   685 | D        | Killed a purple ugly thing
   686 | D        | Reached skill level 10 in Maces & Flails
   686 | D        | Reached skill level 8 in Dodging
   686 | D        | Reached XP level 8. HP: 5/57 MP: 8/8
   695 | D        | Reached skill level 9 in Dodging
   704 | D        | Killed an unseen horror
   705 | D        | Reached skill level 10 in Fighting
  1120 | D        | Killed a boulder beetle
  1121 | D        | Reached skill level 10 in Dodging
  1121 | D        | Reached skill level 10 in Stealth
  1121 | D        | Reached XP level 9. HP: 39/63 MP: 9/9
  1137 | D        | Noticed a komodo dragon
  1311 | D        | Killed a komodo dragon
  1311 | D        | Reached ***** piety under Trog
  1312 | D        | Reached skill level 11 in Dodging
  1829 | D        | Noticed a komodo dragon
  1829 | D        | Noticed a komodo dragon
  1830 | D        | Noticed a blink frog
  1835 | D        | Killed a komodo dragon
  1841 | D        | Killed a komodo dragon
  1842 | D        | Reached skill level 5 in Evocations
  1847 | D        | Reached skill level 12 in Dodging
  1850 | D        | Noticed a blink frog
  1864 | D        | Reached XP level 10. HP: 52/71 MP: 10/10
  1893 | D        | Identified the +6 dagger of Lotzee {flame, rElec rF+ rCorr
                  | Str+5} (Trog gifted it to you in the Dungeon)
  1893 | D        | Received a gift from Trog
  1903 | D        | HP: 1/71 [blink frog (12)]
  2153 | D        | Reached ****** piety under Trog
  2510 | D        | Noticed a komodo dragon
  2511 | D        | Noticed a komodo dragon
  2515 | D        | Noticed a cane toad
  2520 | D        | Reached skill level 13 in Dodging
  2526 | D        | Killed a komodo dragon
  2544 | D        | Killed a komodo dragon
  2870 | D        | Killed a cane toad
  3151 | D        | Reached skill level 14 in Dodging
  3277 | D        | Mangled by a tyrant leech

Illustrated notes

Levels and vault maps discovered:
D:        linesprint [early_d, line_temple, items_1, d_10, items_2, lair_1,
          lair_end, items_3, orc_1, orc_end, items_4, d_15, swamp_1, shoals_1,
          snake_1, spider_1, d_20, vaults_1, items_5, swamp_end, shoals_end,
          snake_end, spider_end, vaults_end, d_27, items_6, zot_1, zot_end,
          crypt_end, forest_end, elf_end, slime_end, tomb_end, abyss_end,
          pan_hell_end]

Skill      XL: |  1  2  3  4  5  6  7  8  9 10 |
---------------+-------------------------------+-----
Maces & Flails | 3 4 6 7 8 10 11 12 13 | 13.9
Fighting       | 4 6 7 8 9 10 11 13 | 13.1
Armour         | 2 3 |  3.2
Dodging        | 3 4 6 7 8 10 12 14 | 14.2
Stealth        | 1 2 3 5 8 10 12 13 | 13.2
Evocations     | 3 5 6 |  6.2

Action                   |  1- 3 |  4- 6 |  7- 9 | 10-12 || total
-------------------------+-------+-------+-------+-------++-------
Melee: Mace              |    40 |    15 |    88 |   164 ||   307
       Punch             |       |     1 |       |     1 ||     2
Invok: Berserk           |     4 |       |     4 |     5 ||    13
       Brothers in Arms  |       |       |     1 |     2 ||     3
Evoke: Wand              |       |       |    10 |       ||    10
  Use: Potion            |     2 |       |     4 |     2 ||     8
       Scroll            |       |       |     2 |       ||     2
 Stab: Sleeping          |     1 |       |     2 |     2 ||     5
       Invisible         |       |     4 |       |       ||     4
Armor: Animal skin       |     7 |     4 |     6 |    26 ||    43
Dodge: Dodged            |    37 |    24 |    52 |   139 ||   252

Table legend: (Time is in decaauts)
 A = Elapsed time spent in this place.
 B = Non-inter-level travel time spent in this place.
 C = Inter-level travel time spent in this place.
 D = Time resting spent in this place.
 E = Time spent auto-exploring this place.
 F = Levels seen in this place.
 G = Mean time per level.
                   A        B        C        D        E       F      G
               +--------+--------+--------+--------+--------+-----+--------+
         Total |   3299 |   3299 |      0 |   2420 |    210 |   1 | 3299.0 |
       Dungeon |   3299 |   3299 |      0 |   2420 |    210 |   1 | 3299.0 |
               +--------+--------+--------+--------+--------+-----+--------+

Top non-repeatable levels by time:
       D: 3299 daAuts
